AoeStats
← a.l.a.n.t

MegaRandom

505322129Analyzed
4v4 RM · 24d ago on Sep 8, 2026· 90m 0s· 8 players
Game mode
Random Map
Map size
Large (8 player)
Population
200
Speed
Normal
Resources
Standard
Victory
Conquest
Starting age
Dark Age
Ending age
Imperial Age
RankedLock teamsTeams togetherTeam positionsShared explorationLock speedFull tech treeHidden civsTurbo modeCheats
Victory
Defeat
🇬🇧 Magyars · United Kingdom
1296
+13
🇬🇧 Britons · United Kingdom
1265
+16
🇪🇸 Aztecs · Spain
1255
+15
🇮🇳 Huns · India
1249
+15
🇮🇹 Saracens · Italy
1308
-17
🇬🇧 Britons · United Kingdom
1233
-15
🇮🇹 Franks · Italy
1233
-15
🇬🇧 Romans · United Kingdom
1174
-12
11VillagerIdle
7:20 Loom
10:29 Feudal Age
15:10 Castle Age
18:07 Fletching
18:47 Crossbowman
21:50 Padded Archer Armor
22:40 Double-Bit Axe
23:48 Bodkin Arrow
25:58 Leather Archer Armor
28:39 Horse Collar
30:45 Ballistics
32:12 Heavy Plow
34:48 Imperial Age
32:54 Wheelbarrow
35:00 Arbalester
36:36 Bracer
37:29 Ring Archer Armor
37:31 Hand Cart
39:58 Chemistry
40:40 Gold Mining
41:49 Town Watch
44:25 Conscription
46:36 Yeomen
45:43 Elite Longbowman
48:31 Pikeman
50:13 Yeomen
51:09 Gold Shaft Mining
52:03 Elite Skirmisher
54:22 Elite Longbowman
55:22 Bow Saw
55:10 Stone Mining
59:22 Two-Man Saw
58:39 Masonry
58:46 Halberdier
59:46 Siege Engineers
60:12 Architecture
60:07 Gambesons
60:22 Squires
61:04 Hoardings
62:39 Forging
62:30 Scale Mail Armor
63:41 Murder Holes
63:28 Treadmill Crane
66:04 Guard Tower
66:00 Arrowslits
70:06 Caravan
69:41 Capped Ram
74:22 Keep
79:34 Onager
81:52 Warwolf
83:16 Fortified Wall
a.l.a.n.t
7:26 Loom
10:08 Feudal Age
10:49 Double-Bit Axe
19:14 Wheelbarrow
19:17 Gold Mining
23:31 Castle Age
21:48 Bloodlines
22:37 Scale Barding Armor
22:22 Horse Collar
24:18 Husbandry
24:52 Chain Barding Armor
42:31 Imperial Age
42:37 Cavalier
44:32 Plate Barding Armor
49:03 Paladin
57:11 Pikeman
57:57 Scale Mail Armor
59:33 Chain Mail Armor
58:44 Halberdier
61:32 Caravan
63:32 Light Cavalry
68:12 Hussar
74:43 Coinage
76:05 Conscription
ZuCo [Txan]
6:19 Loom
10:57 Feudal Age
18:14 Scale Mail Armor
18:24 Forging
18:37 Arson
22:17 Wheelbarrow
25:27 Castle Age
23:33 Double-Bit Axe
23:35 Horse Collar
23:59 Gold Mining
25:52 Stone Mining
26:01 Eagle Warrior
26:42 Squires
27:32 Chain Mail Armor
28:38 Hand Cart
28:14 Pikeman
34:52 Iron Casting
36:45 Bow Saw
39:13 Fortified Wall
39:24 Ballistics
38:57 Treadmill Crane
44:43 Imperial Age
42:49 Heavy Plow
44:46 Elite Eagle Warrior
46:47 Blast Furnace
46:17 Plate Mail Armor
46:33 Conscription
50:20 Fletching
50:30 Padded Archer Armor
51:13 Bodkin Arrow
52:33 Chemistry
51:27 Elite Skirmisher
52:25 Atlatl
56:59 Garland Wars
59:04 Crop Rotation
59:11 Gold Shaft Mining
63:21 Bracer
63:37 Leather Archer Armor
68:00 Caravan
68:23 Town Watch
75:27 Stone Shaft Mining
78:08 Capped Ram
79:40 Siege Ram
Cheetah
8:11 Loom
10:06 Feudal Age
11:31 Double-Bit Axe
12:47 Fletching
16:23 Horse Collar
20:50 Wheelbarrow
25:06 Castle Age
23:19 Padded Archer Armor
25:21 Crossbowman
26:00 Bodkin Arrow
26:12 Thumb Ring
27:44 Bow Saw
29:23 Bloodlines
29:15 Husbandry
30:38 Hand Cart
30:42 Gold Mining
30:43 Stone Mining
34:00 Ballistics
41:34 Imperial Age
41:09 Heavy Plow
42:01 Heavy Cavalry Archer
43:06 Parthian Tactics
42:44 Bracer
43:00 Leather Archer Armor
43:48 Chemistry
43:11 Conscription
46:28 Gold Shaft Mining
49:46 Two-Man Saw
57:32 Caravan
57:41 Murder Holes
57:57 Masonry
67:26 Capped Ram
78:58 Siege Ram
85:55 Town Watch
86:28 Guilds
86:50 Coinage
[The_Duke_Of_Salame]
8:46 Loom
10:50 Feudal Age
11:13 Man-at-Arms
12:37 Scale Mail Armor
12:51 Double-Bit Axe
18:36 Fletching
27:41 Castle Age
29:03 Long Swordsman
31:03 Wheelbarrow
43:49 Chain Mail Armor
44:19 Town Watch
45:51 Bow Saw
45:24 Horse Collar
57:28 Imperial Age
54:58 Pikeman
56:44 Forging
59:33 Legionary
60:53 Iron Casting
61:56 Squires
62:17 Hand Cart
63:24 Halberdier
68:47 Heavy Scorpion
70:16 Caravan
Mich
7:23 Loom
9:41 Feudal Age
10:13 Double-Bit Axe
15:15 Scale Barding Armor
20:38 Castle Age
19:48 Forging
21:07 Gold Mining
22:19 Husbandry
22:45 Chain Barding Armor
23:17 Gold Shaft Mining
27:50 Wheelbarrow
37:22 Iron Casting
46:46 Imperial Age
46:52 Cavalier
48:39 Plate Barding Armor
49:04 Blast Furnace
48:59 Cavalier
50:19 Stone Mining
50:35 Caravan
51:01 Paladin
61:32 Bow Saw
65:54 Pikeman
66:35 Squires
66:20 Arson
66:37 Scale Mail Armor
69:25 Chain Mail Armor
75:28 Conscription
NICH
10:26 Feudal Age
12:49 Loom
13:37 Double-Bit Axe
16:35 Fletching
16:45 Padded Archer Armor
18:04 Gold Mining
21:27 Horse Collar
24:58 Castle Age
25:01 Crossbowman
25:37 Bodkin Arrow
25:58 Leather Archer Armor
26:25 Heavy Plow
26:39 Bow Saw
28:55 Ballistics
36:28 Imperial Age
35:54 Masonry
35:26 Treadmill Crane
36:07 Heavy Plow
36:02 Stone Mining
37:32 Scale Barding Armor
37:27 Arbalester
40:10 Bracer
41:34 Chemistry
40:48 Forging
41:19 Wheelbarrow
40:29 Town Watch
42:57 Ring Archer Armor
43:13 Conscription
43:53 Hand Cart
49:12 Architecture
48:48 Siege Engineers
49:26 Yeomen
48:50 Pikeman
49:30 Squires
49:31 Scale Mail Armor
49:42 Forging
50:26 Arson
51:54 Chain Mail Armor
52:59 Halberdier
53:03 Elite Skirmisher
54:26 Plate Mail Armor
54:31 Iron Casting
55:30 Murder Holes
55:45 Fortified Wall
60:15 Caravan
61:42 Blast Furnace
63:17 Halberdier
81:44 Town Watch
Roar
7:58 Loom
9:45 Feudal Age
10:24 Feudal Age
17:34 Horse Collar
17:45 Double-Bit Axe
19:08 Scale Barding Armor
19:23 Fletching
24:07 Castle Age
22:29 Forging
22:48 Bloodlines
23:40 Wheelbarrow
24:17 Gold Mining
24:56 Scale Mail Armor
25:16 Chain Barding Armor
26:09 Husbandry
26:20 Scale Mail Armor
25:41 Light Cavalry
27:11 Bow Saw
34:15 Iron Casting
41:35 Town Watch
44:46 Stone Mining
49:10 Imperial Age
47:05 Hand Cart
46:50 Town Patrol
46:52 Heavy Plow
46:45 Fletching
47:08 Masonry
47:53 Treadmill Crane
48:34 Ballistics
49:27 Heavy Camel Rider
50:50 Conscription
51:32 Plate Barding Armor
52:42 Bodkin Arrow
53:49 Blast Furnace
56:33 Hussar
60:37 Two-Man Saw
59:35 Bodkin Arrow
61:46 Bracer
62:59 Coinage
62:31 Caravan
66:43 Chemistry
65:40 Murder Holes
65:43 Guard Tower
69:48 Padded Archer Armor
70:57 Leather Archer Armor
71:52 Banking
72:14 Ring Archer Armor
81:39 Keep
80:49 Arrowslits
81:22 Siege Engineers
Connection lost

Rejoining the realm…

Still unreachable

The connection could not be restored.

Session expired

The server has moved on; the page needs a fresh start.